Map: Lightshade LE

Players

CHEESEBURGER

  • Race: Protoss Protoss
  • Spawn Location: 5:00

Pumba - Winner!

  • Race: Zerg Zerg
  • League: Platinum
  • Spawn Location: 11:00

VOD

Have the link to the VOD?

Description

Time

  • Played on: Aug. 3, 2021, 8:37 p.m.
  • Length: 12:37
Show
View Real Time Build Order
Export as new Build Order

CHEESEBURGER Protoss 

Build Orders:  

Get SALT Encoding   

  12  0:00  Probe  
  13  0:12  Probe  
  14  0:24  Probe  
  14  0:25  Pylon  
  15  0:43  Probe  
  15  0:45  Gateway  
  16  0:50  Assimilator  
  16  0:55  Probe  
  17  1:07  Probe  
  18  1:19  Probe  
  19  1:32  Cybernetics Core  
  19  1:37  Pylon  
  19  1:39  Probe  
  20  1:45  Nexus  
  20  2:04  Probe  
  21  2:09  Gateway  
  21  2:10  Warp Gate  
  21  2:11  Stalker  
  23  2:16  Probe  
  23  2:21  Assimilator  
  24  2:29  Probe  
  25  2:44  Probe, Pylon  
  25  2:47  Stalker  
  28  2:58  Probe x2  
  30  2:59  Stalker  
  32  3:10  Probe x2  
  34  3:22  Probe x2  
  36  3:28  Robotics Facility  
  36  3:30  Gateway  
  36  3:34  Probe  
  36  3:35  Probe  
  38  3:48  Pylon  
  38  3:49  Probe x2  
  40  4:00  Sentry  
  40  4:02  Sentry  
  44  4:07  Probe x2  
  46  4:18  Gateway  
  46  4:19  Gateway  
  46  4:20  Robotics Bay  
  46  4:21  Probe x2  
  48  4:24  Assimilator  
  48  4:34  Probe x2  
  48  4:38  Pylon  
  50  4:44  Pylon  
  50  4:47  Probe x2  
  50  4:50  Sentry  
  50  4:52  Stalker x2  
  58  4:54  Warp Prism (Chrono Boost)  
  58  4:59  Probe x2  
  62  5:03  Assimilator  
  62  5:32  Nexus  
  62  5:33  Pylon  
  62  5:36  Disruptor (Chrono Boost)  
  65  5:44  Sentry  
  65  5:45  Stalker x3  
  73  5:54  Forge  
  73  5:55  Forge  
  73  5:57  Probe x2  
  73  5:58  Twilight Council  
  75  6:12  Disruptor (Chrono Boost)  
  78  6:21  Probe x2  
  80  6:27  Protoss Ground Weapons Level 1 (Chrono Boost), Robotics Facility, Protoss Ground Armor Level 1 (Chrono Boost)  
  80  6:31  Charge (Chrono Boost)  
  80  6:38  Zealot  
  80  6:39  Zealot x2  
  86  6:56  Probe  
  86  6:58  Probe x2  
  89  7:15  Probe  
  89  7:16  Probe x2  
  92  7:24  Zealot x4  
  100  7:35  Pylon  
  98  7:45  Stalker  
  41  8:22  Stalker  
  41  8:23  Stalker x4  
  30  8:46  Immortal x2  
  30  8:47  Stalker  
  30  8:48  Stalker x4  
  46  8:54  Probe x2 (Chrono Boost)  
  46  9:05  Probe x2 (Chrono Boost)  
  48  9:10  Probe x2 (Chrono Boost)  
  50  9:19  Sentry x4  
  50  9:20  Sentry  
  50  9:23  Probe x2 (Chrono Boost)  
  62  9:28  Immortal  
  66  9:33  Probe x2 (Chrono Boost)  
  66  9:37  Probe x2 (Chrono Boost)  
  68  9:39  Protoss Ground Weapons Level 2  
  70  9:57  Stalker x3  
  70  9:58  Stalker  
  78  10:23  Pylon  
  78  10:28  Pylon  
  78  10:32  Pylon  
  78  10:41  Immortal, Probe x2  
  78  10:53  Probe x2  
  68  10:58  Zealot x3  
  68  10:59  Zealot  
Show
View Real Time Build Order
Export as new Build Order

Pumba Zerg - Winner!

Build Orders: Pool First 

Get SALT Encoding   

  12  0:00  Drone  
  13  0:12  Overlord  
  13  0:17  Drone  
  14  0:30  Drone x2  
  16  0:39  Drone  
  17  0:45  Spawning Pool  
  16  0:51  Drone  
  17  1:10  Hatchery  
  16  1:21  Drone x2  
  16  1:23  Extractor  
  18  1:25  Drone  
  18  1:34  Drone  
  19  1:41  Queen  
  19  1:45  Zergling x2  
  22  1:55  Overlord  
  23  2:15  Drone x2  
  23  2:17  Queen  
  26  2:23  Drone  
  26  2:24  Metabolic Boost  
  27  2:35  Drone x2  
  29  2:39  Overlord  
  29  2:47  Drone  
  29  2:49  Drone x2  
  29  2:50  Drone x2  
  34  2:57  Overlord  
  35  3:05  Drone x2  
  35  3:10  Roach Warren  
  35  3:12  Drone  
  36  3:31  Drone x6  
  36  3:32  Overlord  
  42  3:37  Overlord  
  42  3:42  Drone x2  
  42  3:43  Queen  
  46  3:52  Lair, Extractor  
  46  3:55  Hatchery, Extractor x2  
  42  4:09  Drone x9  
  51  4:10  Overlord  
  51  4:32  Drone  
  51  4:33  Overlord x2  
  52  4:41  Roach x6  
  52  4:43  Roach  
  52  4:44  Zergling x2  
  67  4:53  Spore Crawler  
  67  4:54  Spore Crawler  
  67  4:59  Glial Reconstitution  
  65  5:01  Overlord  
  65  5:11  Roach x8  
  81  5:25  Overlord  
  81  5:26  Overlord x3  
  80  5:32  Roach x3  
  86  5:38  Roach x2  
  90  5:56  Overseer  
  90  5:58  Overlord  
  90  6:15  Roach x10  
  90  6:16  Roach x2, Overlord  
  114  6:19  Overlord  
  114  6:33  Overlord x4  
  113  6:51  Roach x7  
  113  6:53  Roach  
  129  7:07  Evolution Chamber  
  129  7:08  Drone x4  
  131  7:09  Evolution Chamber  
  131  7:10  Hydralisk Den  
  130  7:21  Drone x3  
  130  7:22  Drone x4  
  137  7:23  Drone  
  126  8:01  Zerg Ground Armor Level 1, Zerg Missile Weapons Level 1  
  126  8:02  Grooved Spines  
  126  8:04  Extractor x2  
  126  8:05  Drone x5  
  117  8:06  Drone x3  
  117  8:07  Drone x3  
  117  8:08  Drone x3  
  117  8:09  Drone x2  
  74  8:57  Hydralisk x12  
  74  8:59  Hydralisk x3  
  74  9:01  Hydralisk  
  104  9:04  Overlord  
  104  9:33  Extractor  
  104  9:34  Hatchery  
  104  9:35  Hydralisk x3  
  104  9:36  Hydralisk x4, Roach  
  104  9:37  Roach x7, Extractor  
  131  9:52  Roach x4  
  139  10:00  Zerg Missile Weapons Level 2  
  139  10:01  Zerg Ground Armor Level 2  
  139  10:03  Muscular Augments  
  139  10:07  Roach x8  
  139  10:08  Roach  
  157  10:39  Roach x11  
  175  10:53  Roach x8  
  175  10:54  Roach x2  
  163  11:04  Roach x3  
  167  11:41  Hydralisk x6  
  167  11:42  Hydralisk x5  
Tags
 
Add a new tag
Caveats
  • Supply blocks, unpowered buildings, or Contaminate may cause inaccurate times.
  • Supply counts are checked every 10 seconds.